 Dungeon Crawl Stone Soup version 0.19.0-20-gbc5f0c6 (webtiles) character file.

312 shinino the Ruffian (level 6, -3/51 (52) HPs)
             Began as a Ghoul Berserker on Nov 16, 2016.
             Was a Believer of Trog.
             Slain by an ogre
             ... wielding a +0 giant club
              (28 damage)
             ... on level 4 of the Dungeon.
             The game lasted 00:09:28 (2671 turns).

shinino the Ruffian (Ghoul Berserker)               Turns: 2671, Time: 00:09:29

HP:   -3/51 (52)    AC:  9    Str: 20    XL:     6   Next: 42%
MP:   5/5           EV:  8    Int:  3    God:    Trog [**....]
Gold: 202           SH:  0    Dex: 12    Spells: 0 memorised, 5 levels left

rFire  + . .     SeeInvis .     f - +6 spear "Acecan" {pierce, rF+ rC+ Dex+2}
rCold  + + .     Gourm    .     t - +0 chain mail
rNeg   + + +     Faith    .     (no shield)
rPois  ∞         Spirit   .     a - +0 hat
rElec  .         Reflect  .     (no cloak)
rCorr  .         Harm     .     (no gloves)
MR     ++...                    (no boots)
Stlth  ..........               (no amulet)
                                (no ring)
                                p - ring of stealth

@: regenerating, rotting
A: rotting body, claws 1, carnivore 3, cold resistance 1, negative energy
resistance 3, slow regeneration 1, torment resistance, unbreathing
a: Trog's Hand, Burn Spellbooks, Renounce Religion


You were on level 4 of the Dungeon.
You worshipped Trog.
Trog was pleased with you.
You were not hungry.

You visited 1 branch of the dungeon, and saw 4 of its levels.

You collected 202 gold pieces.

Inventory:

Hand Weapons
 f - the +6 spear "Acecan" (weapon) {pierce, rF+ rC+ Dex+2}
   (You found it on level 4 of the Dungeon)

   It inflicts extra damage upon your enemies.
   It affects your dexterity (+2).
   It protects you from fire.
   It protects you from cold.
Armour
 a - a +0 hat (worn)
 t - a +0 chain mail (worn)
Jewellery
 o - an uncursed amulet of magic regeneration
 p - a ring of stealth (left claw)
Wands
 c - a wand of flame (22/48)
 l - a wand of flame (27/48)
Scrolls
 g - 2 scrolls of random uselessness {unknown}
 h - 3 scrolls of fear
 j - a scroll of remove curse
 s - a scroll of blinking {unknown}
 v - a scroll of immolation {unknown}
Potions
 d - 2 potions of brilliance
 e - a potion of flight {unknown}
 i - a potion of haste {unknown}
 k - 3 potions of curing {unknown}
 m - a potion of degeneration {unknown}
 q - a potion of lignification {unknown}
 r - a potion of mutation {unknown}
 u - a potion of ambrosia {unknown}
Comestibles
 b - 4 meat rations
 n - 2 beef jerkies


   Skills:
 + Level 4.2 Fighting
 + Level 0.0 Polearms
 + Level 2.8 Armour
 - Level 1.7 Dodging
 - Level 6.6 Unarmed Combat


You had 5 spell levels left.
You didn't know any spells.

Dungeon Overview and Level Annotations

Branches:
Dungeon (4/15)
 Temple: D:4-7

Altars:
Dithmenos
Gozag
Kikubaaqudgha
Okawaru
Qazlal
Sif Muna


Innate Abilities, Weirdness & Mutations

Your body is rotting away.
You thrive on raw meat.
You are immune to poison.
You have sharp fingernails.
You are carnivorous and can eat meat at any time.
Your flesh is cold resistant. (rC+)
You are immune to negative energy. (rN+++)
You regenerate slowly when monsters are visible.
You are immune to unholy pain and torment.
You can survive without breathing.


Message History

Aim: an ogre, wielding a giant club You reach to attack!
You barely miss the ogre. The ogre barely misses you.
You feel the effects of Trog's Hand fading.
Attack whom?
Press: ? - help, Dir - move target cursor, f/p - ogre
Aim: an ogre, wielding a giant club You reach to attack!
You hit the ogre.
The ogre is lightly wounded.
The ogre hits you with a giant club!
You hit the ogre.
The ogre is moderately wounded.
You hit the ogre.
The ogre is heavily wounded.
The ogre hits you with a giant club!
* * * LOW HITPOINT WARNING * * *
You hit the ogre.
The ogre is severely wounded.
The ogre hits you with a giant club!!
Ouch! That really hurt!
You die...

.# #...## .#####...# .# ##
...###.#.# #######.# ^.
##..##.#.## #.......# ##.
.##.##....#####......# #..
..............#......# #.##### .
#.....##.......<....# #.#... ..
#####........<......#####.#.##..$
>## ####........@O.....†.........
..# #.............#####..#....
#.### #..............###..## .
#...# ##........####.......#.#
###.# #......#...............#
#.# #..##................###
#>####..##....##..........#
#..#....##....##..........#
##...#.###.#..#...........#


You could see an ogre.

Vanquished Creatures
  The ghost of Cimanyd the Chiller, an amateur OpIE (D:3)
  An orc wizard (D:3)
  A worker ant (D:4)
  6 adders
  2 oozes
  2 worms
  2 dart slugs
  2 leopard geckos
  5 orcs (D:3)
  3 ball pythons
  7 giant cockroaches
  8 goblins
  5 hobgoblins
  4 jackals (D:1)
  A quokka (D:3)
  7 bats
  5 frilled lizards (D:1)
  8 kobolds
  4 rats
74 creatures vanquished.

Notes
Turn   | Place    | Note
-------+----------+-------------------------------------------
     0 | D:1      | shinino the Ghoul Berserker began the quest for the Orb.
     0 | D:1      | Reached XP level 1. HP: 19/19 MP: 0/0
   211 | D:1      | Reached XP level 2. HP: 15/26 MP: 1/1
   217 | D:1      | Reached skill level 4 in Unarmed Combat
   551 | D:1      | Reached XP level 3. HP: 31/31 MP: 2/2
   891 | D:2      | Reached skill level 5 in Unarmed Combat
   902 | D:2      | Reached ** piety under Trog
   911 | D:2      | Found an iron altar of Okawaru.
   946 | D:2      | Reached XP level 4. HP: 36/38 MP: 3/3
  1902 | D:3      | Reached skill level 6 in Unarmed Combat
  1902 | D:3      | Reached XP level 5. HP: 45/45 MP: 4/4
  1913 | D:3      | Noticed Cimanyd's ghost (amateur OpIE)
  1941 | D:3      | Killed Cimanyd's ghost
  1941 | D:3      | Reached XP level 6. HP: 42/52 MP: 5/5
  2128 | D:3      | Found a deep blue altar of Sif Muna.
  2365 | D:3      | Found a shadowy altar of Dithmenos.
  2371 | D:3      | Found an opulent altar of Gozag.
  2371 | D:3      | Found an ancient bone altar of Kikubaaqudgha.
  2371 | D:3      | Found a stormy altar of Qazlal.
  2579 | D:4      | Got an ichor-stained spear
  2580 | D:4      | Identified the +6 spear "Acecan" {pierce, rF+ rC+ Dex+2} (You found it on level 4 of the Dungeon)
  2671 | D:4      | Slain by an ogre

Skill      XL: |  1  2  3  4  5  6 |
---------------+-------------------+-----
Unarmed Combat | 4 5 6 |  6.6
Armour         | 2 |  2.8
Fighting       | 4 |  4.2
Dodging        | |  1.7

Action                   |  1- 3 |  4- 6 || total
-------------------------+-------+-------++-------
Melee: Unarmed           |   110 |   153 ||   263
       Punch             |     2 |     1 ||     3
       Spear             |       |    13 ||    13
Invok: Trog's Hand       |       |     3 ||     3
  Use: Scroll            |       |     7 ||     7
 Stab: Sleeping          |       |     1 ||     1
  Eat: Chunk             |     8 |    12 ||    20
Armor: Animal skin       |    21 |       ||    21
       Ring mail         |    19 |    36 ||    55
       Chain mail        |       |    25 ||    25
Dodge: Dodged            |    84 |    72 ||   156
